 Dungeon Crawl Stone Soup version 0.28.0-45-g0d030f2227 (webtiles) character file.

Game seed: 13171584338812042661

35598 Kaptain the Geomancer (level 13, -4/84 HPs)
             Began as a Gargoyle Earth Elementalist on Apr 15, 2022.
             Slain by a culicivora (18 damage)
             ... on level 4 of the Lair of Beasts.
             The game lasted 00:41:11 (18826 turns).

Kaptain the Geomancer (GrEE)                       Turns: 18826, Time: 00:41:12

Health: -4/84      AC: 22    Str: 11    XL:     13   Next: 84%
Magic:  15/35      EV:  6    Int: 22    God:
Gold:   772        SH:  0    Dex: 10    Spells: 27/31 levels left

rFire   + + +      SeeInvis +   c - +12 long sword of Tuczuoph {spect, rF+ SInv}
rCold   + + .      Faith    .   (no shield)
rNeg    + . .      Spirit   .   o - +0 chain mail {rC+}
rPois   ∞          Reflect  .   m - +1 hat
rElec   +          Harm     .   k - scarf {rC+ rF+}
rCorr   .          Rampage  .   h - +0 pair of gloves
Will    .....                   (no boots)
Stlth   ..........              C - amulet of regeneration
HPRegen 1.04/turn               K - ring of magical power
MPRegen 0.24/turn               s - ring of protection from fire

@: no status effects
A: sickness immunity, AC +9, negative energy resistance 1, electricity
resistance, torment resistance 1, petrification resistance
a: no special abilities


You were on level 4 of the Lair of Beasts.
You visited 3 branches of the dungeon, and saw 16 of its levels.
You also visited: Gauntlet and Ice Cave.

You collected 772 gold pieces.

Inventory:

Hand Weapons
 c - the +12 long sword of Tuczuoph (weapon) {spect, rF+ SInv}
   (You took it off an orc on level 8 of the Dungeon)

   When its wielder attacks, the weapon's spirit leaps out and strikes again.
   The spirit shares a part of any damage it takes with its wielder.
   rF:        It protects you from fire.
   SInv:      It lets you see invisible.
 r - a +3 scythe of protection
 w - a +4 dire flail of freezing
 B - a +0 trident
Missiles
 a - 51 stones
 y - 56 sling bullets
Armour
 d - a +0 cloak of poison resistance
 h - a +0 pair of gloves (worn)
 k - a scarf of resistance (worn)
 m - a +1 hat (worn)
 n - a +0 scale mail of cold resistance
 o - a +0 chain mail of cold resistance (worn)
 p - a +1 leather armour of fire resistance
Magical Staves
 u - a staff of earth
 E - a staff of cold
Jewellery
 i - a +6 ring of dexterity
 s - a ring of protection from fire (right hand)
 x - a ring of see invisible
 C - an amulet of regeneration (around neck)
 J - the amulet of the City {Faith rElec Int+4 Dex+2}
   (You found it in a Gauntlet)

   [amulet of faith]

   It allows you to gain divine favour quickly.
   Int:       It affects your intelligence (+4).
   Dex:       It affects your dexterity (+2).
   rElec:     It insulates you from electricity.
 K - a ring of magical power (left hand)
 N - a ring of protection from fire
Wands
 b - a wand of polymorph (22)
 v - a wand of digging (7)
 A - a wand of paralysis (9)
 G - a wand of flame (26)
 M - a wand of iceblast (9)
 R - a wand of acid (2)
Scrolls
 f - a scroll of amnesia
 z - a scroll of enchant weapon
 D - a scroll of brand weapon
 F - 3 scrolls of vulnerability
 H - 2 scrolls of teleportation
 I - a scroll of noise {unknown}
 O - a scroll of holy word {unknown}
 P - a scroll of silence {unknown}
 S - 2 scrolls of identify
Potions
 e - 2 potions of haste
 g - a potion of brilliance
 l - a potion of berserk rage {unknown}
 t - a potion of heal wounds
 Q - 4 potions of curing
Miscellaneous
 j - a phial of floods
 q - a condenser vane
 L - a lightning rod (4/4)


   Skills:
 * Level 11.2 Fighting
 + Level 3.0 Long Blades
 + Level 7.9 Armour
 - Level 5.6 Dodging
 + Level 4.8 Stealth
 + Level 3.6 Shields
 * Level 9.8 Spellcasting
 * Level 11.2 Conjurations
 - Level 0.7 Transmutations
 * Level 12.8 Earth Magic


You had 27 spell levels left.
You knew the following spells:

 Your Spells              Type           Power      Damage    Failure   Level
a - Sandblast             Erth           100%       2d20      1%          1
b - Stone Arrow           Conj/Erth      100%       3d13      4%          3

Your spell library contained the following spells:

 Spells                   Type           Power      Damage    Failure   Level
 Passwall                 Tmut/Erth      33%        N/A       17%         2
 Petrify                  Tmut/Erth      40%        N/A       75%         4
 Borgnjor's Vile Clutch   Necr/Erth      19%        N/A       98%         5
 Irradiate                Conj/Tmut      18%        3d19      99%         5
 Alistair's Intoxication  Tmut/Pois      8%         N/A       100%        5
 Summon Forest            Summ/Tloc      5%         N/A       100%        5
 Summon Mana Viper        Hex/Summ       10%        N/A       100%        5
 Eringya's Noxious Bog    Tmut/Pois      6%         N/A       100%        6
 Summon Cactus Giant      Summ           5%         N/A       100%        6
 Sublimation of Blood     Necr           Unusable   N/A       N/A         2

Dungeon Overview and Level Annotations

Branches:
Dungeon (11/15)            Temple (1/1) D:5            Lair (4/6) D:8
 Shoals (0/4) Lair:2          Orc (0/2) D:9           IceCv (visited)
Gauntlet (visited)
  Snake: Lair:2-4    Spider: Lair:2-4

Altars:
Ashenzari
Cheibriados
Dithmenos
Elyvilon
Fedhas
Gozag
Hepliaklqana
Kikubaaqudgha
Makhleb
Nemelex Xobeh
Okawaru
Qazlal
Ru
Sif Muna
Trog
Uskayaw
Vehumet
Wu Jian
Xom
Yredelemnul
Zin
The Shining One

Shops:
D:2 [   D:8 (

Annotations:
D:4 1 runed translucent door, balagan2's ghost, amateur DsGl
Lair:4 Snorg


Innate Abilities, Weirdness & Mutations

You are immune to sickness and miasma.
Your stone body is resilient. (AC +9)
You are immune to poison.
You resist negative energy. (rN+)
You are resistant to electric shocks. (rElec)
You are resistant to unholy torment.
You are immune to petrification.


Message History

Confirm with . or Enter, or press ? or * to list all spells.
Aiming: Stone Arrow (mildly dangerous; 4% risk of failure)
Press: ? - help, Shift-Dir - straight line, f/p - Snorg
Aim: Snorg (moderately wounded, 78% to hit)
The stone arrow hits Snorg!
Snorg is heavily wounded.
The culicivora barely misses you.
Snorg goes berserk!
Casting: Stone Arrow (mildly dangerous; 4% risk of failure)
Confirm with . or Enter, or press ? or * to list all spells.
Aiming: Stone Arrow (mildly dangerous; 4% risk of failure)
Press: ? - help, Shift-Dir - straight line, f/p - Snorg
Aim: Snorg (heavily wounded, berserk, 78% to hit)
The stone arrow misses Snorg.
The culicivora bites you. Snorg bites you! Snorg claws you!
Snorg closely misses you.
The culicivora bites you but does no damage.
Unknown command.
Casting: Stone Arrow (mildly dangerous; 4% risk of failure)
Confirm with . or Enter, or press ? or * to list all spells.
Aiming: Stone Arrow (mildly dangerous; 4% risk of failure)
Press: ? - help, Shift-Dir - straight line, f/p - Snorg
Aim: Snorg (heavily wounded, berserk, 78% to hit)
The stone arrow hits Snorg.
Snorg is heavily wounded.
Snorg barely misses you. Snorg claws you. Snorg claws you!
* * * LOW HITPOINT WARNING * * *
The culicivora bites you!
* * * LOW HITPOINT WARNING * * *
Snorg bites you but does no damage. Snorg claws you but does no damage.
Snorg claws you.
* * * LOW HITPOINT WARNING * * *
Casting: Stone Arrow (mildly dangerous; 4% risk of failure)
Confirm with . or Enter, or press ? or * to list all spells.
Aiming: Stone Arrow (mildly dangerous; 4% risk of failure)
Press: ? - help, Shift-Dir - straight line, f/p - Snorg
Aim: Snorg (heavily wounded, berserk, 78% to hit)
The stone arrow hits Snorg!
Snorg is severely wounded.
The culicivora bites you!!
You die...

#P..#.#.......P.)....#.#
........................
........................
........................
..........[.............
................
................
................
........@......#
........Ts......
................
................
................
................
.....(.........
#...........#..


You could see Snorg (berserk) and a culicivora.

Vanquished Creatures
  A frost giant (IceCv)
  A minotaur (Gauntlet)
  A boulder beetle (D:11)
  2 hydras
  A centaur warrior (D:9)
  A death scarab (Gauntlet)
  7 death yaks
  Urug (Lair:1)
  A thrashing horror (Gauntlet)
  A spectral death yak (Gauntlet)
  An ugly thing (IceCv)
  2 black mambas
  An ice statue (IceCv)
  A rime drake (Lair:3)
  A kobold demonologist (D:9)
  4 cane toads
  8 komodo dragons
  2 trolls
  11 polar bears
  12 blink frogs
  3 hornets
  Sigmund (D:4)
  2 spriggans (Lair:3)
  A wraith (D:9)
  A neqoxec (Gauntlet)
  2 wyverns
  33 yaks
  2 vampire mosquitoes (D:11)
  3 small abominations (Gauntlet)
  Menkaure (D:6)
  2 chaos spawn (Gauntlet)
  A warg (D:9)
  7 water moccasins
  5 orc warriors
  An ice beast (D:8)
  8 black bears
  3 necrophages
  2 ogres
  3 centaurs
  29 wolves
  A phantom (D:6)
  4 kobold brigands
  8 bullfrogs
  A gnoll sergeant (D:8)
  A wyvern zombie (D:8)
  2 scorpions
  A water moccasin skeleton (D:5)
  18 killer bees
  4 wights (D:6)
  5 centaur zombies
  A gnoll shaman (D:5)
  2 jellies
  5 orc priests
  5 hounds
  A centaur skeleton (D:4)
  An iguana (D:6)
  4 orc wizards
  A killer bee zombie (D:6)
  A howler monkey skeleton (D:6)
  7 adders
  8 gnolls
  13 white imps
  An adder skeleton (D:4)
  3 worms
  2 dart slugs
  29 orcs
  12 ball pythons
  4 bats
  6 endoplasms
  4 giant cockroaches
  10 goblins
  9 hobgoblins
  6 jackals
  22 kobolds
  4 quokkas
  2 frilled lizards (D:1)
  6 rats
384 creatures vanquished.

Vanquished Creatures (others)
  An orc wizard (D:11)
  64 fungi
  64 plants
129 creatures vanquished.

Grand Total: 513 creatures vanquished

Notes
Turn   | Place    | Note
-------+----------+-------------------------------------------
     0 | D:1      | Kaptain the Gargoyle Earth Elementalist began the quest for
                  | the Orb.
     0 | D:1      | Reached XP level 1. HP: 10/10 MP: 3/3
   185 | D:1      | Reached XP level 2. HP: 16/16 MP: 3/5
   429 | D:1      | Reached skill level 1 in Fighting
   429 | D:1      | Reached skill level 1 in Conjurations
   429 | D:1      | Reached XP level 3. HP: 12/20 MP: 6/6
   436 | D:1      | Learned a level 3 spell: Stone Arrow
   860 | D:1      | Reached skill level 1 in Armour
  1228 | D:2      | Reached skill level 4 in Earth Magic
  1422 | D:2      | Reached XP level 4. HP: 13/25 MP: 5/7
  1654 | D:2      | Found a faded altar of an unknown god.
  2036 | D:2      | Found Hoostr Egyd's Antique Armour Shoppe.
  3220 | D:4      | Reached XP level 5. HP: 24/30 MP: 7/9
  3287 | D:4      | Found a runed translucent door.
  3299 | D:4      | Noticed balagan2's ghost (amateur DsGl)
  3470 | D:4      | Noticed Sigmund
  3505 | D:4      | Killed Sigmund
  3506 | D:4      | Reached skill level 5 in Earth Magic
  3506 | D:4      | Reached XP level 6. HP: 14/36 MP: 0/10
  4277 | D:5      | Entered Level 5 of the Dungeon
  4299 | D:5      | Reached XP level 7. HP: 4/41 MP: 12/12
  4974 | D:5      | Noticed a troll
  5002 | D:5      | HP: 3/61 [troll (5)]
  5003 | D:5      | Killed a troll
  5004 | D:5      | Reached skill level 6 in Earth Magic
  5004 | D:5      | Reached XP level 8. HP: 3/48 MP: 2/14
  5638 | D:5      | Found a staircase to the Ecumenical Temple.
  5644 | Temple   | Entered the Ecumenical Temple
  6538 | D:6      | Reached skill level 5 in Conjurations
  6595 | D:6      | Reached skill level 5 in Fighting
  6603 | D:6      | Reached skill level 7 in Earth Magic
  6603 | D:6      | Reached XP level 9. HP: 51/54 MP: 1/16
  6717 | D:6      | Noticed Menkaure
  6722 | D:6      | Killed Menkaure
  6723 | D:6      | Reached skill level 5 in Spellcasting
  7607 | D:7      | Noticed a hornet
  7612 | D:7      | Killed a hornet
  7674 | D:7      | Found a snail-covered altar of Cheibriados.
  7742 | D:7      | Reached skill level 8 in Earth Magic
  8144 | D:7      | Reached XP level 10. HP: 61/61 MP: 14/18
  8892 | D:8      | Reached skill level 5 in Armour
  8902 | D:8      | Reached skill level 9 in Earth Magic
  9207 | D:8      | Found Ceyfal's Weapon Emporium.
  9277 | D:8      | Found a staircase to the Lair.
  9299 | D:8      | You fall into a shaft and drop 3 floors!
  9299 | D:11     | Noticed a boulder beetle
  9323 | D:11     | Killed a boulder beetle
  9360 | D:11     | Noticed a manticore
  9405 | D:11     | HP: 2/64 [white imp/puff of frost (5)]
  9409 | D:11     | Reached XP level 11. HP: 10/68 MP: 5/21
  9437 | D:11     | Found a frozen archway.
  9453 | IceCv    | Entered an ice cave
  9711 | IceCv    | Noticed a white ugly thing
  9723 | IceCv    | Killed a white ugly thing
 10025 | IceCv    | Reached skill level 10 in Earth Magic
 10461 | IceCv    | Noticed a frost giant
 10477 | IceCv    | HP: 1/69 [polar bear (16)]
 10506 | IceCv    | Reached skill level 5 in Dodging
 11024 | IceCv    | Noticed a death yak
 11114 | IceCv    | Killed a frost giant
 11126 | IceCv    | Reached XP level 12. HP: 25/76 MP: 3/24
 11278 | IceCv    | Identified the +1 leather armour "Trusted Companion"
                  | {+Blink rElec Int+4 Dex-3}
 11309 | D:10     | Entered Level 10 of the Dungeon
 11618 | D:9      | Found a staircase to the Orcish Mines.
 11753 | D:9      | Reached skill level 11 in Earth Magic
 11990 | D:9      | Noticed a centaur warrior
 12003 | D:9      | Killed a centaur warrior
 13194 | D:8      | Identified the +12 long sword of Tuczuoph {spect, rF+ SInv}
 13228 | Lair:1   | Entered Level 1 of the Lair of Beasts
 13469 | Lair:1   | Reached skill level 10 in Conjurations
 13547 | Lair:1   | Found a gate leading to a gauntlet.
 13554 | Gauntlet | Entered a Gauntlet
 13554 | Gauntlet | Noticed a death scarab
 13554 | Gauntlet | Found a transporter.
 13562 | Gauntlet | Found a transporter.
 13564 | Gauntlet | Found a transporter.
 13575 | Gauntlet | Found a transporter.
 13578 | Gauntlet | Found a transporter.
 13582 | Gauntlet | Found a runed translucent door.
 13582 | Gauntlet | Found a runed translucent door.
 13587 | Gauntlet | Found a transporter.
 13605 | Gauntlet | Found a transporter.
 13606 | Gauntlet | Noticed a thrashing horror
 13618 | Gauntlet | Found a transporter.
 13625 | Gauntlet | Found a transporter.
 13639 | Gauntlet | Found a transporter.
 13653 | Gauntlet | Found a transporter.
 13653 | Gauntlet | Found a transporter.
 13696 | Gauntlet | Found a transporter.
 13718 | Gauntlet | Found a transporter.
 13813 | Gauntlet | HP: 2/77 [death scarab (18)]
 13815 | Gauntlet | Killed a death scarab
 13816 | Gauntlet | Reached skill level 10 in Fighting
 14208 | Gauntlet | Killed a thrashing horror
 14209 | Gauntlet | Reached skill level 1 in Long Blades
 14209 | Gauntlet | Reached skill level 1 in Shields
 14220 | Gauntlet | Identified the amulet of the City {Faith rElec Int+4 Dex+2}
 14222 | Gauntlet | Identified the +0 scale mail "Xuiggoz" {Dex+5}
 14351 | Gauntlet | Noticed a minotaur
 14361 | Gauntlet | Killed a minotaur
 14375 | Gauntlet | Identified the +5 flail "Gargoyle's Peril" {antimagic,
                  | Stlth+}
 14907 | Lair:1   | Noticed Urug
 14913 | Lair:1   | Killed Urug
 15332 | Lair:2   | Found a staircase to the Shoals.
 15461 | Lair:2   | Reached skill level 12 in Earth Magic
 15633 | Lair:2   | Reached XP level 13. HP: 83/83 MP: 20/26
 16361 | Lair:3   | You fall into a shaft and drop 1 floor!
 18810 | Lair:4   | Identified the +3 hunting sling of the Lurker {freeze, rN+
                  | Int+4}
 18817 | Lair:4   | Noticed Snorg
 18826 | Lair:4   | Slain by a culicivora

Illustrated notes

Levels and vault maps discovered:
D:1:      saegor_arrival_simple_d, layout_loops_ring
D:2:      layout_rooms, serial_shops, shop, ebering_ecumenical_altar_abandoned
D:3:      layout_loops_ring, kennysheep_generic_room_8
D:4:      layout_loops_ring, serial_aquarium, aquarium_bridge_square
          [aquarium_subvault_bridge, aquarium_subvault_bridge,
          aquarium_subvault_wall, aquarium_subvault_balcony],
          aquarium_bridge_square [aquarium_subvault_bridge,
          aquarium_subvault_wall, aquarium_subvault_bridge,
          aquarium_subvault_bridge], aquarium_window_corridor_3,
          aquarium_window_1, aquarium_window_corner, aquarium_view_2c,
          aquarium_balcony_1a, aquarium_pool_side, ebering_ghost_sewer_d,
          kennysheep_generic_room_6, uniq_sigmund
D:5:      layout_rooms, minmay_temple_entry_enclosed_plants,
          kennysheep_generic_room_7
D:6:      layout_cave_pools, uniq_menkaure
D:7:      layout_gridville, lemuel_crystal_altar
D:8:      layout_rooms, due_lair_maze_entry_diamond, kennysheep_windowed_goal
D:9:      layout_roguey, erik_orc_3
D:10:     layout_basic
D:11:     cheibrodos_elevator_heist, layout_basic, portal_ice_cave_entry_imps
Temple:   mainiacjoe_temple_starburst
Lair:1:   layout_cave_shapes, gauntlet_entry_generic, grunt_megastairs_3,
          uniq_urug
Lair:2:   layout_gridlike, shoals_dummy_entry, grunt_megastairs_2
Lair:3:   layout_regular_city, forest_entry_grove
Lair:4:   layout_gridlike, hellmonk_spider_entry_life_and_decay,
          serial_bayou_shore_a, uniq_snorg

Skill      XL: |  1  2  3  4  5  6  7  8  9 10 11 12 13 |
---------------+----------------------------------------+-----
Fighting       | 1 2 3 5 6 7 9 10 11 | 11.2
Conjurations   | 1 2 3 4 5 6 7 9 10 11 | 11.2
Armour         | 1 2 3 4 5 6 7 |  7.9
Earth Magic    | 4 5 6 7 8 9 10 12 | 12.8
Dodging        | 2 3 4 5 |  5.6
Spellcasting   | 3 4 5 6 8 9 |  9.8
Long Blades    | 1 3 |  3.0
Shields        | 1 3 |  3.6
Stealth        | 3 4 |  4.8
Transmutations | |  0.7

Action                   |  1- 3 |  4- 6 |  7- 9 | 10-12 | 13-15 || total
-------------------------+-------+-------+-------+-------+-------++-------
Melee: Dagger            |    39 |   110 |       |       |       ||   149
       Short sword       |     3 |       |       |       |       ||     3
       Punch             |       |     1 |       |     4 |     2 ||     7
       Scythe            |       |    22 |    46 |   309 |       ||   377
       Long sword        |       |       |       |    36 |    76 ||   112
 Cast: Sandblast         |    27 |    23 |    81 |   104 |    16 ||   251
       Stone Arrow       |       |       |    33 |   226 |   127 ||   386
Evoke: Wand              |       |       |       |     6 |       ||     6
       Condenser vane    |       |       |       |     1 |       ||     1
  Use: Scroll            |       |     2 |     4 |     9 |     1 ||    16
       Potion            |       |     2 |     3 |    13 |     1 ||    19
 Stab: Sleeping          |     1 |     4 |       |       |       ||     5
       Paralysed         |       |       |       |     8 |       ||     8
       Distracted        |       |       |       |     1 |       ||     1
Armor: Robe              |    23 |    13 |       |       |       ||    36
       Leather armour    |       |    46 |    56 |   305 |       ||   407
       Skin              |       |       |     4 |    14 |       ||    18
       Scale mail        |       |       |       |   185 |   118 ||   303
       Chain mail        |       |       |       |       |     5 ||     5
Dodge: Dodged            |    20 |    74 |    66 |   599 |    95 ||   854
